 Dungeon Crawl Stone Soup version 0.31-a0-210-gccc998df9b (webtiles) character file.

Game seed: 8318215564265688761

11715 qw the Cleaver (level 11, -10/71 HPs)
             Began as a Gargoyle Fighter on June 30, 2023.
             Was an Elder of Okawaru.
             Mangled by a harpy (13 damage)
             ... on level 2 of the Lair of Beasts.
             The game lasted 00:04:04 (7906 turns).

qw the Cleaver (Gargoyle Fighter)                   Turns: 7906, Time: 00:04:04

Health: -10/71     AC: 28    Str: 24    XL:     11   Next: 82%
Magic:  12/14      EV:  9    Int:  9    God:    Okawaru [****..]
Gold:   517        SH:  6    Dex:  9    Spells: 10/10 levels left

rFire   . . .        Y - +2 war axe (freeze)
rCold   . . .        c - +0 buckler
rNeg    + . .        s - +0 plate armour
rPois   inf          b - +0 helmet
rElec   +            g - +1 cloak
rCorr   .            (no gloves)
SInv    .            (no boots)
Will    .....        j - amulet of faith Stlth
                     (no ring)
HPRegen 0.31/turn    (no ring)
MPRegen 0.14/turn

%: faith
@: about to teleport, heroic
A: sickness immunity, AC +8, negative energy resistance 1, electricity
resistance, torment resistance 1, petrification resistance
a: Renounce Religion, Heroism, Finesse


You were on level 2 of the Lair of Beasts.
You worshipped Okawaru.
Okawaru was greatly pleased with you.
You visited 3 branches of the dungeon, and saw 11 of its levels.

You collected 900 gold pieces.
You spent 383 gold pieces at shops.


Innate Abilities, Weirdness & Mutations

You are immune to sickness and miasma.
Your stone body is resilient. (AC +8)
You are immune to poison.
You resist negative energy. (rN+)
You are resistant to electric shocks. (rElec)
You are resistant to unholy torment.
You are immune to petrification.


   Skills:
 - Level 9.3(14.3) Fighting
 - Level 12.0(17.0) Axes
 - Level 3.0(8.0) Throwing
 + Level 8.4(13.4) Armour
 - Level 2.1(7.1) Dodging
 - Level 6.0(11.0) Shields
 + Level 5.0 Invocations


You had 10 spell levels left.
You didn't know any spells.
Your spell library was empty.

Inventory:

Hand Weapons
 p - a +1 flail of protection
 Y - a +2 war axe of freezing (weapon)
Missiles
 q - 4 javelins (quivered)
Armour
 b - a +0 helmet (worn)
 c - a +0 buckler (worn)
 g - a +1 cloak (worn)
 l - the +0 scale mail "Ijouc" {rC+ Str+4 Dex+3}
   (You found it on level 8 of the Dungeon)

   Str:       It affects your strength (+4).
   Dex:       It affects your dexterity (+3).
   rC:        It protects you from cold.
 s - a +0 plate armour (worn)
Jewellery
 e - an amulet of the acrobat
 j - an amulet of faith (around neck)
Scrolls
 a - 6 scrolls of identify
Potions
 d - 3 potions of might
 h - a potion of mutation
 i - a potion of attraction
 k - 4 potions of curing
 m - 2 potions of lignification
 n - a potion of magic
 o - 2 potions of enlightenment
 r - a potion of cancellation

Dungeon Overview and Level Annotations

Branches:
Dungeon (8/15)             Temple (1/1) D:4            Lair (2/5) D:8
 Shoals (0/4) Lair:2       Spider (0/4) Lair:2

Altars:
Ashenzari
Dithmenos
Elyvilon
Gozag
Makhleb
Nemelex Xobeh
Okawaru
Qazlal
Ru
Sif Muna
Trog
Uskayaw
Vehumet
Xom
Yredelemnul
The Shining One

Shops:
D:4 (   D:6 ?

Annotations:
Lair:2 exclusion: 2 orb spiders


Message History

Enter note:
Enter note:
Enter note:
7901 ||| INVOKING Heroism.
You gain the combat prowess of a mighty hero.
The harpy misses you. The harpy claws you but does no damage.
You barely miss the harpy. The harpy claws you. You block the harpy's attack.
The harpy claws you but does no damage. The harpy barely misses you.
A death yak comes into view.
7903 ||| READING scroll of teleportation.
As you read the scroll of teleportation, it crumbles to dust.
You feel strangely unstable.
The harpy barely misses you. x2; You block the cane toad's attack.
You block the harpy's attack. The harpy claws you.
A water moccasin comes into view.
The cane toad misses you.
The water moccasin hisses angrily.
You slice the harpy!! You freeze the harpy!
The harpy is severely wounded.
You slash the cane toad! You freeze the cane toad. You hit the death yak.
You freeze the death yak. The harpy claws you but does no damage.
The harpy claws you. The harpy barely misses you. x2
You slash the cane toad! You freeze the cane toad.
The cane toad is severely wounded.
You slash the death yak! You freeze the death yak. You barely miss the harpy.
The harpy claws you but does no damage. The harpy closely misses you.
The cane toad stings you but does no damage.
The death yak gores you. The harpy claws you but does no damage.
You block the harpy's attack.
You barely miss the harpy.
The harpy is severely wounded.
You slash the cane toad! You freeze the cane toad.
You kill the cane toad!
Okawaru accepts your kill.
You hit the death yak. You freeze the death yak. You slash the death yak!
You freeze the death yak. The harpy claws you!
You die...

#.##### .P#.
....... >...
....... ~..~~
....... .~~~~
..#....+#..~#.#
#......#..~.>.
#....Y.H..~#.#
#....Y@H..S~~~
..........~~.~.
..Y.....#......
...............
..P#.#.#. .....
.. .... ....#..
. # .. .. .. ..
. .. #####.
...... .#. ...


You could see 3 death yaks, 2 harpies and a water moccasin.

Vanquished Creatures
  Pikel (D:7)
  An elephant (D:8)
  A black mamba (Lair:1)
  3 cane toads
  2 komodo dragons
  9 blink frogs
  2 wyverns
  22 yaks
  A steam dragon (D:8)
  11 water moccasins
  2 sky beasts
  4 black bears
  An orc warrior (D:8)
  14 wolves
  An ogre (D:6)
  A centaur (D:6)
  A lemure (D:7)
  4 scorpions
  6 bullfrogs
  An electric eel (Lair:1)
  4 howler monkeys
  A jelly (D:6)
  2 hounds
  2 sleepcaps
  4 iguanas
  Ijyb (D:5)
  Terence (D:2)
  2 orc wizards (D:8)
  4 gnolls (D:5)
  4 adders
  A white imp (D:8)
  2 worms
  4 dart slugs
  9 orcs
  7 ball pythons
  6 endoplasms
  2 giant cockroaches (D:4)
  3 goblins
  7 hobgoblins
  3 kobolds
  2 quokkas
  6 bats
  4 frilled lizards
  8 rats
177 creatures vanquished.

Notes
Turn   | Place    | Note
-------+----------+-------------------------------------------
     0 | D:1      | qw the Gargoyle Fighter began the quest for the Orb.
     0 | D:1      | Reached XP level 1. HP: 14/14 MP: 1/1
     0 | D:1      | 0 ||| qw: Version: 0.3-a-26-gee661ec
     0 | D:1      | 0 ||| qw: Game counter: 7219
     0 | D:1      | 0 ||| qw: Melee chars always use a shield: true
     0 | D:1      | 0 ||| qw: God list: Okawaru
     0 | D:1      | 0 ||| qw: Allow faded altars: false
     0 | D:1      | 0 ||| qw: Do Orc after clearing Dungeon:15 true
     0 | D:1      | 0 ||| qw: Do second Lair branch before Depths: true
     0 | D:1      | 0 ||| qw: Lair rune preference: random
     0 | D:1      | 0 ||| qw: Goals: Normal, Zot:1-4, Slime:5, God:TSO, Crypt,
                  | Tomb, Abyss, Pan, Hells, Win
     0 | D:1      | 0 ||| PLANNING D:1-11
    34 | D:1      | Reached skill level 2 in Axes
   138 | D:1      | Reached XP level 2. HP: 19/19 MP: 2/2
   184 | D:1      | 184 ||| DROPPING +0 whip.
   428 | D:1      | 428 ||| Stepping ~*~*~tactically~*~*~ (hiding).
   501 | D:1      | 501 ||| Stepping ~*~*~tactically~*~*~ (stealth).
   509 | D:1      | Reached skill level 3 in Axes
   683 | D:1      | 683 ||| UPGRADING to +0 cloak.
   688 | D:1      | 688 ||| UPGRADING to amulet of faith.
   693 | D:1      | 693 ||| READING 4 scrolls labelled TIAD HYARUS.
   694 | D:1      | 694 ||| READING scroll labelled TIQEUF VAUQEO.
   695 | D:1      | 695 ||| DRINKING 2 viscous black potions.
   696 | D:1      | 696 ||| READING 3 scrolls of identify.
   696 | D:1      | 696 ||| IDENTIFYING bubbling coppery potion
   697 | D:1      | 697 ||| DROPPING potion of invisibility.
   703 | D:2      | 703 ||| Stepping ~*~*~tactically~*~*~ (stealth).
   705 | D:2      | Reached XP level 3. HP: 23/23 MP: 3/3
   840 | D:2      | Noticed Terence
   843 | D:2      | Killed Terence
   844 | D:2      | Reached skill level 4 in Axes
   844 | D:2      | Reached XP level 4. HP: 28/28 MP: 4/4
   851 | D:2      | 851 ||| DROPPING +0 mace.
  1283 | D:2      | 1283 ||| READING 2 scrolls labelled AMPEMM KAYMP.
  1286 | D:2      | 1286 ||| READING scroll labelled BAOSIUMAJI.
  1287 | D:2      | 1287 ||| READING 2 scrolls of identify.
  1287 | D:2      | 1287 ||| IDENTIFYING green potion
  1633 | D:3      | Reached XP level 5. HP: 32/32 MP: 5/5
  1663 | D:3      | 1663 ||| Stepping ~*~*~tactically~*~*~ (stealth).
  1672 | D:3      | 1672 ||| Stepping ~*~*~tactically~*~*~ (stealth).
  1724 | D:3      | 1724 ||| DROPPING +0 flail.
  1737 | D:3      | 1737 ||| Stepping ~*~*~tactically~*~*~ (stealth).
  1869 | D:3      | 1869 ||| DROPPING ring of flight.
  1870 | D:3      | 1870 ||| READING scroll labelled FOPSIR BUIZU.
  1871 | D:3      | 1871 ||| READING scroll labelled SIFUAPP HYDYMN.
  1894 | D:3      | 1894 ||| READING 3 scrolls of identify.
  1894 | D:3      | 1894 ||| IDENTIFYING viscous brown potion
  1895 | D:3      | 1895 ||| READING 2 scrolls of identify.
  1895 | D:3      | 1895 ||| IDENTIFYING red potion
  1896 | D:3      | 1896 ||| DROPPING potion of degeneration.
  1897 | D:3      | 1897 ||| DROPPING potion of ambrosia.
  2054 | D:4      | Found a staircase to the Ecumenical Temple.
  2055 | D:4      | 2055 ||| PLANNING TEMPLE
  2167 | D:4      | Reached skill level 5 in Axes
  2203 | D:4      | Reached XP level 6. HP: 25/38 MP: 6/6
  2370 | D:4      | Found Murob's Weapon Boutique.
  2378 | D:4      | 2378 ||| BUYING +0 war axe of freezing (107 gold).
  2378 | D:4      | Bought a +0 war axe of freezing for 107 gold pieces
  2378 | D:4      | 2378 ||| SWAPPING to +0 war axe of freezing.
  2850 | D:4      | 2850 ||| UPGRADING to +1 cloak.
  2860 | D:4      | 2860 ||| DROPPING +0 cloak.
  2861 | D:4      | 2861 ||| READING scroll labelled ZEWAOH ELOUWNU.
  2862 | D:4      | 2862 ||| READING scroll labelled OBUPPYU DYBESI.
  2863 | D:4      | 2863 ||| READING 3 scrolls of identify.
  2863 | D:4      | 2863 ||| IDENTIFYING fuming coppery potion
  2864 | D:4      | 2864 ||| READING 2 scrolls of identify.
  2864 | D:4      | 2864 ||| IDENTIFYING fuming inky potion
  2899 | Temple   | Entered the Ecumenical Temple
  3013 | Temple   | 3013 ||| PLANNING D:1-11
  3066 | D:5      | Entered Level 5 of the Dungeon
  3111 | D:5      | Reached skill level 1 in Dodging
  3251 | D:5      | Noticed Ijyb
  3260 | D:5      | 3260 ||| READING scroll of teleportation.
  3292 | D:5      | Killed Ijyb
  3486 | D:5      | Reached skill level 6 in Axes
  3486 | D:5      | Reached XP level 7. HP: 38/43 MP: 7/7
  3851 | D:5      | 3851 ||| DROPPING amulet of guardian spirit.
  3852 | D:5      | 3852 ||| READING scroll labelled RIOGO OPNY.
  3853 | D:5      | 3853 ||| READING 2 scrolls of identify.
  3853 | D:5      | 3853 ||| IDENTIFYING grey potion
  3900 | D:6      | Reached skill level 7 in Axes
  3992 | D:6      | 3992 ||| FLEEEEING.
  3993 | D:6      | 3993 ||| FLEEEEING.
  3994 | D:6      | 3994 ||| FLEEEEING.
  3998 | D:6      | 3998 ||| FLEEEEING.
  4003 | D:6      | 4003 ||| FLEEEEING.
  4006 | D:6      | 4006 ||| STAIRDANCE
  4021 | D:5      | 4021 ||| READING 2 scrolls of identify.
  4021 | D:5      | 4021 ||| IDENTIFYING orange potion
  4022 | D:5      | 4022 ||| DROPPING potion of brilliance.
  4026 | D:6      | Reached XP level 8. HP: 49/49 MP: 8/8
  4040 | D:6      | 4040 ||| Stepping ~*~*~tactically~*~*~ (hiding).
  4173 | D:6      | Found Neiphu's Magic Scroll Shoppe.
  4181 | D:6      | 4181 ||| BUYING scroll of enchant weapon (90 gold).
  4181 | D:6      | Bought a scroll of enchant weapon for 90 gold pieces
  4181 | D:6      | 4181 ||| BUYING scroll of enchant weapon (90 gold).
  4181 | D:6      | Bought a scroll of enchant weapon for 90 gold pieces
  4181 | D:6      | 4181 ||| BUYING scroll of identify (24 gold).
  4181 | D:6      | Bought a scroll of identify for 24 gold pieces
  4181 | D:6      | 4181 ||| BUYING scroll of teleportation (36 gold).
  4181 | D:6      | Bought a scroll of teleportation for 36 gold pieces
  4181 | D:6      | 4181 ||| BUYING scroll of teleportation (36 gold).
  4181 | D:6      | Bought a scroll of teleportation for 36 gold pieces
  4181 | D:6      | 4181 ||| READING 2 scrolls of enchant weapon.
  4181 | D:6      | 4181 ||| ENCHANTING +0 war axe of freezing.
  4182 | D:6      | 4182 ||| DROPPING +1 war axe.
  4183 | D:6      | 4183 ||| READING scroll of enchant weapon.
  4183 | D:6      | 4183 ||| ENCHANTING +1 war axe of freezing.
  4272 | D:6      | 4272 ||| READING 4 scrolls of identify.
  4272 | D:6      | 4272 ||| IDENTIFYING glowing white potion
  4312 | D:7      | 4312 ||| STAIRDANCE
  4315 | D:6      | Reached skill level 8 in Axes
  4426 | D:7      | Reached skill level 6 in Fighting
  4549 | D:7      | 4549 ||| Stepping ~*~*~tactically~*~*~ (stealth).
  4554 | D:7      | 4554 ||| Stepping ~*~*~tactically~*~*~ (stealth).
  4608 | D:7      | Noticed Pikel
  4609 | D:7      | 4609 ||| Stepping ~*~*~tactically~*~*~ (stealth).
  4620 | D:7      | Killed Pikel
  4621 | D:7      | Reached skill level 9 in Axes
  4621 | D:7      | Reached XP level 9. HP: 34/55 MP: 9/9
  4634 | D:7      | 4634 ||| Stepping ~*~*~tactically~*~*~ (stealth).
  4949 | D:7      | Reached skill level 1 in Throwing
  5064 | D:7      | 5064 ||| READING scroll labelled YMIVAF UM COTI.
  5065 | D:7      | 5065 ||| READING 4 scrolls of identify.
  5065 | D:7      | 5065 ||| IDENTIFYING emerald potion
  5127 | D:8      | Identified the +0 scale mail "Ijouc" {rC+ Str+4 Dex+3}
  5141 | D:8      | 5141 ||| Stepping ~*~*~tactically~*~*~ (cloud).
  5295 | D:8      | 5295 ||| Stepping ~*~*~tactically~*~*~ (stealth).
  5299 | D:8      | Noticed an elephant
  5307 | D:8      | Reached skill level 10 in Axes
  5331 | D:8      | 5331 ||| Stepping ~*~*~tactically~*~*~ (stealth).
  5346 | D:8      | Found a staircase to the Lair.
  5423 | D:8      | 5423 ||| Stepping ~*~*~tactically~*~*~ (hiding).
  5425 | D:8      | Found a radiant altar of Vehumet.
  5427 | D:8      | 5427 ||| DRINKING 3 potions of curing.
  5427 | D:8      | 5427 ||| (to cure confusion)
  5533 | D:8      | Found an iron altar of Okawaru.
  5540 | D:8      | 5540 ||| PLANNING OKAWARU WORSHIP
  5540 | D:8      | 5540 ||| UPGRADING to +0 scale mail "Ijouc" {rC+ Str+4
                  | Dex+3}.
  5550 | D:8      | 5550 ||| DROPPING +0 scale mail.
  5551 | D:8      | 5551 ||| UPGRADING to +0 plate armour.
  5583 | D:8      | Became a worshipper of Warmaster Okawaru
  5584 | D:8      | 5584 ||| PLANNING D:1-11
  5631 | D:8      | Killed an elephant
  5791 | D:8      | 5791 ||| PLANNING LAIR
  5791 | D:8      | 5791 ||| UPGRADING to +0 helmet.
  5796 | D:8      | 5796 ||| READING scroll labelled VAAREO GIUKUDGH.
  5844 | Lair:1   | Entered Level 1 of the Lair of Beasts
  5848 | Lair:1   | 5848 ||| Stepping ~*~*~tactically~*~*~ (stealth).
  5852 | Lair:1   | Reached XP level 10. HP: 63/63 MP: 10/10
  5858 | Lair:1   | Reached skill level 6 in Armour
  5867 | Lair:1   | Reached * piety under Okawaru
  5868 | Lair:1   | 5868 ||| INVOKING Heroism.
  5870 | Lair:1   | HP: 15/64 [yak (5)]
  5871 | Lair:1   | 5871 ||| READING 3 scrolls of teleportation.
  6062 | Lair:1   | Reached skill level 3 in Throwing
  6075 | Lair:1   | 6075 ||| Stepping ~*~*~tactically~*~*~ (stealth).
  6078 | Lair:1   | 6078 ||| Stepping ~*~*~tactically~*~*~ (stealth).
  6087 | Lair:1   | Reached skill level 1 in Invocations
  6089 | Lair:1   | 6089 ||| INVOKING Heroism.
  6204 | Lair:1   | Noticed a cane toad
  6205 | Lair:1   | 6205 ||| INVOKING Heroism.
  6210 | Lair:1   | Killed a cane toad
  6216 | Lair:1   | Reached skill level 3 in Invocations
  6222 | Lair:1   | Reached ** piety under Okawaru
  6229 | Lair:1   | 6229 ||| INVOKING Heroism.
  6359 | Lair:1   | 6359 ||| Stepping ~*~*~tactically~*~*~ (stealth).
  6363 | Lair:1   | 6363 ||| Stepping ~*~*~tactically~*~*~ (stealth).
  6372 | Lair:1   | 6372 ||| INVOKING Heroism.
  6388 | Lair:1   | 6388 ||| INVOKING Heroism.
  6397 | Lair:1   | Reached skill level 11 in Axes
  6412 | Lair:1   | 6412 ||| INVOKING Heroism.
  6421 | Lair:1   | Reached XP level 11. HP: 26/69 MP: 12/14
  6592 | Lair:1   | 6592 ||| INVOKING Heroism.
  6637 | Lair:1   | 6637 ||| INVOKING Heroism.
  6644 | Lair:1   | Reached skill level 9 in Fighting
  6657 | Lair:1   | 6657 ||| INVOKING Heroism.
  6670 | Lair:1   | Reached *** piety under Okawaru
  6676 | Lair:1   | 6676 ||| INVOKING Heroism.
  6693 | Lair:1   | 6693 ||| Stepping ~*~*~tactically~*~*~ (stealth).
  6696 | Lair:1   | 6696 ||| Stepping ~*~*~tactically~*~*~ (stealth).
  6710 | Lair:1   | 6710 ||| INVOKING Heroism.
  6824 | Lair:1   | Identified the +0 scale mail of Jesel {rC+ Str+3}
  7286 | Lair:1   | 7286 ||| READING scroll labelled ATUJASOWYP.
  7320 | Lair:2   | 7320 ||| Stepping ~*~*~tactically~*~*~ (stealth).
  7321 | Lair:2   | 7321 ||| Stepping ~*~*~tactically~*~*~ (stealth).
  7327 | Lair:2   | 7327 ||| INVOKING Heroism.
  7489 | Lair:2   | 7489 ||| Stepping ~*~*~tactically~*~*~ (stealth).
  7490 | Lair:2   | 7490 ||| Stepping ~*~*~tactically~*~*~ (stealth).
  7493 | Lair:2   | 7493 ||| INVOKING Heroism.
  7497 | Lair:2   | Reached skill level 12 in Axes
  7497 | Lair:2   | 7497 ||| Stepping ~*~*~tactically~*~*~ (stealth).
  7502 | Lair:2   | 7502 ||| Stepping ~*~*~tactically~*~*~ (stealth).
  7503 | Lair:2   | 7503 ||| Stepping ~*~*~tactically~*~*~ (stealth).
  7513 | Lair:2   | Reached **** piety under Okawaru
  7516 | Lair:2   | 7516 ||| INVOKING Heroism.
  7576 | Lair:2   | 7576 ||| Stepping ~*~*~tactically~*~*~ (stealth).
  7694 | Lair:2   | 7694 ||| INVOKING Heroism.
  7711 | Lair:2   | Reached skill level 6 in Shields
  7743 | Lair:2   | 7743 ||| INVOKING Heroism.
  7890 | Lair:2   | Found a hole to the Spider Nest.
  7890 | Lair:2   | Noticed an orb spider
  7895 | Lair:2   | HP: 17/71 [disintegration (54)]
  7896 | Lair:2   | 7896 ||| READING 2 scrolls of teleportation.
  7897 | Lair:2   | 7897 ||| READING scroll labelled PUAFIN QUHOOTA.
  7900 | Lair:2   | Found a staircase to the Shoals.
  7900 | Lair:2   | Noticed a harpy
  7900 | Lair:2   | Noticed a harpy
  7900 | Lair:2   | Noticed a death yak
  7900 | Lair:2   | Noticed a death yak
  7901 | Lair:2   | 7901 ||| INVOKING Heroism.
  7902 | Lair:2   | HP: 13/71 [harpy (6)]
  7902 | Lair:2   | Noticed a death yak
  7903 | Lair:2   | 7903 ||| READING scroll of teleportation.
  7904 | Lair:2   | HP: 6/71 [harpy (5)]
  7906 | Lair:2   | Mangled by a harpy

Levels and vault maps discovered:
D:1:      mrwooster_arrival_statue, layout_basic
D:2:      layout_basic, st_stairs_10, minmay_domino_2, uniq_terence
D:3:      layout_basic
D:4:      layout_gridville, temple_pool_b, serial_shops, shop
D:5:      layout_gridville, uniq_ijyb
D:6:      layout_rooms, serial_shops, shop,
          nicolae_concentric_dashed_squares_wild
D:7:      layout_loops_ring, uniq_pikel
D:8:      layout_cave_pools, jmf_multi_god_temple, david_lair_generic
Temple:   nicolae_temple_superstar
Lair:1:   layout_regular_city, enter_volcano_2, infiniplex_staircase_pool
Lair:2:   layout_chaotic_city, nicolae_shoals_entry_roost,
          nicolae_spider_entry_orb_guardian

Skill      XL: |  1  2  3  4  5  6  7  8  9 10 11 |
---------------+----------------------------------+-----
Axes           | 2 3 4 5 6 7 9 10 11 12 | 12.0
Fighting       | 4 5 6 7 8 9 |  9.3
Dodging        | 1 2 |  2.1
Throwing       | 2 3 |  3.0
Shields        | 4 5 6 |  6.0
Armour         | 5 7 8 |  8.4
Invocations    | 4 5 |  5.0

Action                     |  1- 3 |  4- 6 |  7- 9 | 10-12 || total
---------------------------+-------+-------+-------+-------++-------
  Melee: War axe           |    90 |   161 |   163 |   235 ||   649
         Unarmed           |       |     4 |       |       ||     4
  Throw: Javelin           |       |       |    25 |    32 ||    57
 Invoke: Heroism           |       |       |       |    18 ||    18
    Use: Scroll            |     3 |    12 |     9 |     5 ||    29
         Potion            |     1 |       |     1 |       ||     2
 Armour: Scale mail        |    65 |    63 |    98 |       ||   226
         Skin              |       |     7 |       |       ||     7
         Plate armour      |       |       |    14 |   144 ||   158
  Dodge: Dodged            |    48 |    62 |    74 |    86 ||   270
  Block: Buckler           |    24 |    23 |    25 |    54 ||   126

Table legend:
 A = Non-vault XP
 B = Vault XP
 C = Vault XP percentage of total XP
 D = Non-vault monster count
 E = Vault monster count
 F = Vault count percentage of total count
                 A         B        C        D         E       F
            +---------+---------+-------+---------+---------+-------
      Total |   15402 |    1724 |  10.1 |     161 |      15 |   8.5
            +---------+---------+-------+---------+---------+-------
        D:1 |      33 |       0 |   0.0 |      18 |       0 |   0.0
        D:2 |      43 |      64 |  59.8 |      13 |       7 |  35.0
        D:3 |      44 |       0 |   0.0 |      19 |       0 |   0.0
        D:4 |     207 |       0 |   0.0 |      10 |       0 |   0.0
        D:5 |     376 |      36 |   8.7 |      12 |       1 |   7.7
        D:6 |     733 |       0 |   0.0 |       8 |       0 |   0.0
        D:7 |     972 |     641 |  39.7 |      10 |       1 |   9.1
        D:8 |     505 |     983 |  66.1 |       7 |       6 |  46.2
     Lair:1 |    8230 |       0 |   0.0 |      42 |       0 |   0.0
     Lair:2 |    4259 |       0 |   0.0 |      22 |       0 |   0.0
            +---------+---------+-------+---------+---------+-------
